 Dungeon Crawl Stone Soup version 0.27-a0-1597-ge58577e147 (webtiles) character file.

Game seed: 16011313126029792383

211 MirrMurr the Thrower (level 5, 0/43 HPs)
             Began as a Gnoll Hunter on July 21, 2021.
             Slain by Duvessa (5 damage)
             ... on level 7 of the Dungeon.
             The game lasted 00:07:46 (2630 turns).

MirrMurr the Thrower (Gnoll Hunter)                 Turns: 2630, Time: 00:07:47

Health: 0/43       AC:  6    Str: 11    XL:     5   Next: 88%
Magic:  7/7        EV: 11    Int: 12    God:
Gold:   81         SH:  0    Dex: 12    Spells: 7/7 levels left

rFire    . . .     SeeInvis .   a - +1 trident (protect)
rCold    . . .     Faith    .   (no shield)
rNeg     . . .     Spirit   .   A - +1 ring mail
rPois    .         Reflect  .   (no helmet)
rElec    .         Harm     .   (no cloak)
rCorr    .         Rampage  .   (no gloves)
Will     .....                  (no boots)
Stlth    +.........             e - amulet of regeneration
HPRegen  1.14/turn              (no ring)
MPRegen  0.10/turn              (no ring)

@: mighty
A: fangs 1, strong nose, distributed training
a: no special abilities


You were on level 7 of the Dungeon.
You visited 1 branch of the dungeon, and saw 5 of its levels.

You collected 81 gold pieces.

Inventory:

Hand Weapons
 a - a +1 trident of protection (weapon)
 b - a +0 hunting sling
 w - a +0 short sword of protection
Missiles
 c - 11 javelins
 d - 2 throwing nets
 l - 49 poisoned darts
 n - 100 stones
 u - 6 boomerangs (quivered)
 y - 6 curare-tipped darts
Armour
 A - a +1 ring mail (worn)
Jewellery
 e - an amulet of regeneration (around neck)
Wands
 t - a wand of flame (20)
Scrolls
 f - 4 scrolls of fog
Potions
 g - 2 potions of lignification
 h - 2 potions of cancellation {unknown}
 j - a potion of magic {unknown}
 k - a potion of heal wounds {unknown}
 p - a potion of curing {unknown}
 q - a potion of haste {unknown}
 s - a potion of degeneration {unknown}


   Skills:
 + Level 4.8 Fighting
 + Level 1.6 Short Blades
 + Level 1.6 Long Blades
 + Level 1.6 Axes
 + Level 1.6 Maces & Flails
 + Level 1.6 Polearms
 + Level 1.6 Staves
 + Level 1.6 Slings
 + Level 1.6 Bows
 + Level 1.6 Crossbows
 + Level 8.7 Throwing
 + Level 1.6 Armour
 + Level 4.8 Dodging
 + Level 2.9 Stealth
 + Level 1.6 Shields
 + Level 1.6 Unarmed Combat
 + Level 1.6 Spellcasting
 + Level 1.3 Conjurations
 + Level 1.3 Hexes
 + Level 1.3 Summonings
 + Level 1.3 Necromancy
 + Level 1.3 Translocations
 + Level 1.3 Transmutations
 + Level 1.3 Fire Magic
 + Level 1.3 Ice Magic
 + Level 1.3 Air Magic
 + Level 1.3 Earth Magic
 + Level 1.3 Poison Magic
 + Level 1.9 Invocations
 + Level 1.6 Evocations


You had 7 spell levels left.
You didn't know any spells.
Your spell library was empty.

Dungeon Overview and Level Annotations

Branches:
Dungeon (4/15)
 Temple: D:4-7

Altars:
Nemelex Xobeh

Shops:
D:1 !(

Annotations:
D:7 Dowan, Duvessa


Innate Abilities, Weirdness & Mutations

You have very sharp teeth.
Your uncanny sense of smell can sniff out nearby items.
Your experience applies equally to all skills.


Message History

Duvessa and Dowan come into view.
Dowan is wielding a +3 dagger of flaming.
Dowan shouts!
Dowan casts a spell at you. The puff of flame hits you. Duvessa misses you.
Dowan hits you with a +3 dagger of flaming.
Dowan burns you. Duvessa hits you with a +0 short sword.
Dowan points at Duvessa and mumbles some strange words.
Duvessa seems to speed up.
Duvessa hits you with a +0 short sword.
Found a scroll labelled BICSIP IDYNEIP.
Duvessa hits you with a +0 short sword.
Found a leather armour.
Duvessa hits you with a +0 short sword.
Okay, then.
As you read the scroll labelled BICSIP IDYNEIP, it crumbles to dust.
It is a scroll of identify.
g - 2 potions of lignification Dowan drinks a potion.
Dowan seems to grow stronger.
Duvessa barely misses you.
Dowan says, "My weaknesses are her strengths!"
Duvessa barely misses you. Duvessa hits you with a +0 short sword.
Duvessa hits you with a +0 short sword!
Duvessa says, "Where magic fails, the sword succeeds!"
Duvessa barely misses you.
Duvessa gestures with her weapon.
Duvessa closely misses you.
Dowan gestures wildly while chanting.
Dowan blinks!
Duvessa hits you with a +0 short sword!
* * * LOW HITPOINT WARNING * * *
You feel very mighty all of a sudden. Duvessa hits you with a +0 short sword.
Duvessa hits you with a +0 short sword!
* * * LOW HITPOINT WARNING * * *
Your +1 trident of protection hums with potential!
a - a +1 trident of protection (weapon)
You barely miss Duvessa. Duvessa closely misses you.
Dowan mumbles some strange words.
Dowan blinks!
Duvessa hits you with a +0 short sword.
You die...

...e.#e###
######.#
##o######### #
#[?oe.o.#.. ∆ .#
#.......###o#.# ..
#.###...###e#.##.#
#............# #
...#.###.#§####.#
##........#..e@..#
#.##.############
.. ..#


You could see Duvessa (fast).

Vanquished Creatures
  A centaur zombie (D:3)
  Jessica (D:2)
  An orc wizard (D:3)
  A howler monkey skeleton (D:4)
  4 adders
  A worm (D:4)
  3 dart slugs
  5 orcs (D:3)
  7 ball pythons
  6 endoplasms
  3 giant cockroaches (D:3)
  4 goblins
  7 hobgoblins
  4 jackals (D:2)
  11 bats
  A frilled lizard (D:2)
  2 kobolds
  8 rats
70 creatures vanquished.

Notes
Turn   | Place    | Note
-------+----------+-------------------------------------------
     0 | D:1      | MirrMurr the Gnoll Hunter began the quest for the Orb.
     0 | D:1      | Reached XP level 1. HP: 20/20 MP: 1/1
   108 | D:1      | Found Penugge's Distillery.
   131 | D:1      | Found Gisuliu's Weapon Shop.
   158 | D:1      | Reached XP level 2. HP: 26/26 MP: 2/2
   814 | D:2      | Reached XP level 3. HP: 31/31 MP: 3/3
   915 | D:2      | Reached skill level 1 in Invocations
  1032 | D:2      | Reached skill level 1 in Short Blades
  1032 | D:2      | Reached skill level 1 in Long Blades
  1032 | D:2      | Reached skill level 1 in Axes
  1032 | D:2      | Reached skill level 1 in Maces & Flails
  1032 | D:2      | Reached skill level 1 in Polearms
  1032 | D:2      | Reached skill level 1 in Staves
  1032 | D:2      | Reached skill level 1 in Slings
  1032 | D:2      | Reached skill level 1 in Bows
  1032 | D:2      | Reached skill level 1 in Crossbows
  1032 | D:2      | Reached skill level 1 in Armour
  1032 | D:2      | Reached skill level 1 in Shields
  1032 | D:2      | Reached skill level 1 in Unarmed Combat
  1032 | D:2      | Reached skill level 1 in Spellcasting
  1032 | D:2      | Reached skill level 1 in Evocations
  1032 | D:2      | Found a sparkling altar of Nemelex Xobeh.
  1231 | D:2      | Noticed Jessica
  1239 | D:2      | Killed Jessica
  1240 | D:2      | Reached XP level 4. HP: 31/38 MP: 5/5
  1362 | D:3      | Reached skill level 1 in Conjurations
  1362 | D:3      | Reached skill level 1 in Hexes
  1362 | D:3      | Reached skill level 1 in Summonings
  1362 | D:3      | Reached skill level 1 in Necromancy
  1362 | D:3      | Reached skill level 1 in Translocations
  1362 | D:3      | Reached skill level 1 in Transmutations
  1362 | D:3      | Reached skill level 1 in Fire Magic
  1362 | D:3      | Reached skill level 1 in Ice Magic
  1362 | D:3      | Reached skill level 1 in Air Magic
  1362 | D:3      | Reached skill level 1 in Earth Magic
  1362 | D:3      | Reached skill level 1 in Poison Magic
  1434 | D:3      | Reached XP level 5. HP: 43/43 MP: 6/6
  2601 | D:4      | You fall into a shaft and drop 3 floors!
  2608 | D:7      | Noticed Duvessa
  2608 | D:7      | Noticed Dowan
  2630 | D:7      | Slain by Duvessa

Illustrated notes

Levels and vault maps discovered:
D:1:      minmay_arrival_checkered_box, layout_basic, serial_shops, shop, shop
D:2:      minmay_door_path, layout_rooms, basic_altar, uniq_jessica
D:3:      layout_loops_corners, kennysheep_decorative_pillar, minivault_25,
          grunt_ministairs_6
D:4:      layout_basic, nicolae_shop_clearance, uniq_pikel, uniq_robin
D:7:      layout_loops_cross, lightli_orcish_oven, uniq_duvessa

Skill      XL: |  1  2  3  4 |
---------------+-------------+-----
Invocations    | 1 |  1.9
Short Blades   | 1 |  1.6
Long Blades    | 1 |  1.6
Axes           | 1 |  1.6
Maces & Flails | 1 |  1.6
Polearms       | 1 |  1.6
Staves         | 1 |  1.6
Slings         | 1 |  1.6
Bows           | 1 |  1.6
Crossbows      | 1 |  1.6
Armour         | 1 |  1.6
Shields        | 1 |  1.6
Unarmed Combat | 1 |  1.6
Spellcasting   | 1 |  1.6
Evocations     | 1 |  1.6
Conjurations   | 1 |  1.3
Hexes          | 1 |  1.3
Summonings     | 1 |  1.3
Necromancy     | 1 |  1.3
Translocations | 1 |  1.3
Transmutations | 1 |  1.3
Fire Magic     | 1 |  1.3
Ice Magic      | 1 |  1.3
Air Magic      | 1 |  1.3
Earth Magic    | 1 |  1.3
Poison Magic   | 1 |  1.3
Fighting       | |  4.8
Throwing       | |  8.7
Dodging        | |  4.8
Stealth        | |  2.9

Action                   |  1- 3 |  4- 6 || total
-------------------------+-------+-------++-------
Melee: Short sword       |    59 |       ||    59
       Bite              |    11 |     7 ||    18
       Trident           |    93 |    68 ||   161
 Fire: Hunting sling     |       |    68 ||    68
  Use: Scroll            |       |     7 ||     7
       Potion            |       |     1 ||     1
 Stab: Sleeping          |     3 |     2 ||     5
Armor: Leather armour    |    54 |    27 ||    81
       Ring mail         |       |     1 ||     1
Dodge: Dodged            |   118 |    66 ||   184

Table legend: (Time is in decaauts)
 A = Elapsed time spent in this place.
 B = Non-inter-level travel time spent in this place.
 C = Inter-level travel time spent in this place.
 D = Time resting spent in this place.
 E = Time spent auto-exploring this place.
 F = Levels seen in this place.
 G = Mean time per level.
                   A        B        C        D        E       F      G
               +--------+--------+--------+--------+--------+-----+--------+
         Total |   2672 |   2419 |    253 |     57 |   1713 |   5 |  534.4 |
       Dungeon |   2672 |   2419 |    253 |     57 |   1713 |   5 |  534.4 |
               +--------+--------+--------+--------+--------+-----+--------+

Top non-repeatable levels by time:
     D:3: 1133 daAuts
     D:1: 807 daAuts
     D:2: 567 daAuts
     D:4: 135 daAuts
     D:7: 28 daAuts
